 Dungeon Crawl Stone Soup version 0.24.0-123-gd5b16e6ec5 (webtiles) character file.

Game seed: 15331105589559179053, levelgen mode: deterministic

1043 Elellon the Cleaver (level 8, -18/66 HPs)
             Began as a Hill Orc Fighter on Jan 14, 2020.
             Was an Initiate of Okawaru.
             Demolished by an ogre
             ... wielding a +0 giant spiked club
              (22 damage)
             ... on level 5 of the Dungeon.
             The game lasted 00:06:00 (4995 turns).

Elellon the Cleaver (Hill Orc Fighter)              Turns: 4995, Time: 00:06:01

Health: -18/66     AC: 11    Str: 21    XL:     8   Next: 25%
Magic:  8/8        EV:  5    Int:  8    God:    Okawaru [......]
Gold:   397        SH:  9    Dex: 10    Spells: 7/7 levels left

rFire    . . .     SeeInvis .   a - +0 war axe
rCold    . . .     Gourm    .   c - +0 shield
rNeg     . . .     Faith    .   p - +0 chain mail
rPois    .         Spirit   .   b - +0 helmet (curse)
rElec    .         Reflect  .   (no cloak)
rCorr    .         Harm     .   (no gloves)
MR       .....                  A - +0 pair of boots
Stlth    ..........             (no amulet)
HPRegen  0.21/turn              (no ring)
MPRegen  0.11/turn              (no ring)

@: lethally poisoned (-18 -> -19)
A: no striking features
a: Renounce Religion


You were on level 5 of the Dungeon.
You worshipped Okawaru.
Okawaru was noncommittal.
You were near starving.

You visited 2 branches of the dungeon, and saw 8 of its levels.

You collected 397 gold pieces.

Inventory:

Hand Weapons
 a - a +0 war axe (weapon)
Armour
 b - a cursed +0 helmet (worn)
 c - a +0 shield (worn)
 p - a +0 chain mail (worn)
 A - a +0 pair of boots (worn)
Jewellery
 h - a cursed ring of attention {unknown}
 y - an uncursed ring of protection from cold {unknown}
 E - an uncursed ring of resist corrosion {unknown}
Wands
 s - a wand of iceblast (9)
 B - a wand of disintegration (13)
Scrolls
 g - a scroll of immolation {unknown}
 i - 6 scrolls of teleportation {unknown}
 k - a scroll of blinking {unknown}
 m - a scroll of random uselessness {unknown}
 n - 2 scrolls of fear {unknown}
 q - 2 scrolls of remove curse {unknown}
 t - 2 scrolls of enchant armour {unknown}
 v - 6 scrolls of identify {unknown}
 w - a scroll of enchant weapon {unknown}
 x - a scroll of amnesia {unknown}
Potions
 d - a potion of might
 e - 3 potions of haste {unknown}
 j - a potion of experience {unknown}
 l - a potion of cancellation {unknown}
 o - 4 potions of curing {unknown}
 r - a potion of heal wounds
 u - a potion of resistance {unknown}
 z - a potion of magic {unknown}
 C - a potion of berserk rage {unknown}
 D - a potion of invisibility {unknown}
Comestibles
 f - 10 rations


   Skills:
 + Level 3.9 Fighting
 * Level 12.0 Axes
 + Level 3.4 Armour
 + Level 3.4 Shields


You had 7 spell levels left.
You didn't know any spells.
Your spell library contained the following spells:

 Spells                   Type           Power        Failure   Level  Hunger
 Apportation              Tloc           #.....       100%        1    ##.....
 Summon Butterflies       Summ           #.......     100%        1    ##.....
 Lesser Beckoning         Tloc           #.........   100%        3    ####...
 Tukima's Dance           Hex            #.......     100%        3    ####...
 Alistair's Intoxication  Tmut/Pois      #.......     100%        5    ######.
 Invisibility             Hex            #.......     100%        6    #######


Dungeon Overview and Level Annotations

Branches:
Dungeon (7/15)             Temple (1/1) D:6

Altars:
Ashenzari
Dithmenos
Elyvilon
Fedhas
Gozag
Hepliaklqana
Okawaru
Qazlal
Ru
Sif Muna
Trog
Uskayaw
Vehumet
Wu Jian
Xom
Yredelemnul

Annotations:
D:6 exclusion: oklob plant


Message History

The orc sings a few bars from the Orcish anthem.
You are near starving!
You feel sick.
You miss the adder. You block the adder's attack.
You miss the adder. You hit the ogre. The adder bites you but does no damage.
You block the ogre's attack. The adder bites you but does no damage.
You slash the adder!
The adder is almost dead.
You slash the ogre!
You feel sick. The adder bites you.
You slash the adder!
You kill the adder!
Okawaru accepts your kill.
Your Axes skill increases to level 12!
You hit the ogre.
The ogre hits you with a +0 giant spiked club!!
* * * LOW HITPOINT WARNING * * *
You feel sick.
There is an escape hatch in the ceiling here.
The ogre hits you with a +0 giant spiked club!!
You die...

#......#.......##........#
#......#(......###########
#......##......#
#......##'#######
#.......#.......+ ..
#......##......##....)+
#......##......##.....#+
#...........<...........
#.........@...........
#.........O........o.
#...##.####.o.###..# #
#...##.####..o###..##....
#.........#...†o.........
#.........#...o#........#
#.........#....#.........
#.........#....#.........
##+####..#########.##...#


You could see an ogre, an orc wizard and 3 orcs.

Vanquished Creatures
  Menkaure (D:4)
  Duvessa (D:4)
  A slave (Temple)
  A phantom (D:5)
  Dowan (D:4)
  A scorpion (D:5)
  A howler monkey (D:4)
  An orc wizard (D:5)
  A hound (D:4)
  A bullfrog skeleton (D:5)
  A gnoll shaman (D:4)
  2 iguanas
  Natasha (thrice) (D:2)
  Terence (D:2)
  3 worker ants (D:4)
  A hound zombie (D:5)
  A howler monkey skeleton (D:5)
  3 adders
  8 gnolls
  A shadow imp (D:5)
  3 worms
  A dart slug (D:2)
  5 leopard geckos
  8 orcs
  9 bats
  4 giant cockroaches
  6 goblins
  7 hobgoblins
  10 jackals
  4 quokkas
  A ball python (D:1)
  7 frilled lizards
  5 kobolds
  A leopard gecko skeleton (D:4)
  A leopard gecko zombie (D:5)
  7 rats
113 creatures vanquished.

Notes
Turn   | Place    | Note
-------+----------+-------------------------------------------
     0 | D:1      | Elellon the Hill Orc Fighter began the quest for the Orb.
     0 | D:1      | Reached XP level 1. HP: 19/19 MP: 1/1
   103 | D:1      | Reached skill level 3 in Axes
   172 | D:1      | Reached XP level 2. HP: 23/26 MP: 2/2
   251 | D:1      | Reached skill level 4 in Axes
   584 | D:1      | You fall into a shaft and drop 1 floor!
   584 | D:2      | Noticed Terence
   593 | D:2      | Killed Terence
   593 | D:2      | Reached skill level 5 in Axes
   593 | D:2      | Reached XP level 3. HP: 23/31 MP: 3/3
   683 | D:2      | Noticed Natasha
   705 | D:2      | Killed Natasha
   705 | D:2      | Reached XP level 4. HP: 12/39 MP: 4/4
   984 | D:2      | Reached skill level 6 in Axes
  1422 | D:2      | Noticed Natasha
  1431 | D:2      | Killed Natasha
  1431 | D:2      | Reached XP level 5. HP: 40/45 MP: 5/5
  1620 | D:2      | Noticed Natasha
  1631 | D:2      | Killed Natasha
  1631 | D:2      | Reached skill level 7 in Axes
  2224 | D:3      | Reached skill level 8 in Axes
  2230 | D:3      | Found a white marble altar of Elyvilon.
  2259 | D:3      | Reached XP level 6. HP: 51/51 MP: 6/6
  2803 | D:4      | Found a basalt altar of Yredelemnul.
  3038 | D:4      | Reached skill level 9 in Axes
  3293 | D:4      | Reached XP level 7. HP: 57/57 MP: 7/7
  3478 | D:4      | Noticed Duvessa
  3478 | D:4      | Noticed Dowan
  3504 | D:4      | Killed Duvessa
  3504 | D:4      | Reached skill level 10 in Axes
  3530 | D:4      | Killed Dowan
  3769 | D:4      | Noticed Menkaure
  3778 | D:4      | Killed Menkaure
  3778 | D:4      | Reached skill level 11 in Axes
  4030 | D:5      | Entered Level 5 of the Dungeon
  4139 | D:5      | Reached XP level 8. HP: 53/64 MP: 8/8
  4220 | D:5      | You fall into a shaft and drop 2 floors!
  4283 | D:6      | Found a blossoming altar of Fedhas.
  4293 | D:6      | Noticed an oklob plant
  4407 | D:6      | Found a staircase to the Ecumenical Temple.
  4416 | Temple   | Entered the Ecumenical Temple
  4828 | D:5      | Found an iron altar of Okawaru.
  4869 | D:5      | Became a worshipper of Warmaster Okawaru
  4990 | D:5      | Reached skill level 12 in Axes
  4995 | D:5      | Demolished by an ogre

Levels and vault maps discovered:
D:1:      dpeg_arrival_more_subterranean_lakeside_camping, layout_basic,
          minmay_pentomino_s2
D:2:      layout_loops_corners, minmay_between, uniq_terence, uniq_natasha
D:3:      layout_basic, first_ration, elyvilon_altar_5
D:4:      layout_gridville, marbit_many_paths, uniq_duvessa, uniq_menkaure
D:5:      layout_gridville, okawaru_metal_pillars_1_2, kennysheep_mini
D:6:      layout_loops_ring, minmay_temple_entry_wispy, tgw_fedhas, uniq_pikel
D:7:      layout_loops_ring, makhleb_altar_promises_db, basic_altar,
          kennysheep_generic_room_9, uniq_joseph
Temple:   minmay_temple_curvy_branch

Skill      XL: |  1  2  3  4  5  6  7  8 |
---------------+-------------------------+-----
Axes           | 3 5 6 8 9 11 12 | 12.0
Fighting       | |  3.9
Armour         | |  3.4
Shields        | |  3.4

Action                   |  1- 3 |  4- 6 |  7- 9 || total
-------------------------+-------+-------+-------++-------
Melee: War axe           |    73 |   221 |   137 ||   431
  Eat: Chunk             |       |     8 |     4 ||    12
Armor: Scale mail        |    36 |    16 |       ||    52
       Chain mail        |       |    92 |    46 ||   138
Dodge: Dodged            |    34 |    46 |    23 ||   103
Block: Shield            |    52 |   102 |    56 ||   210
